Map: Orbital Shipyard

Players

SticklerMac - Winner!

  • Race: Zerg Zerg
  • League: Silver

VOD

Have the link to the VOD?

Description

Time

  • Played on: Aug. 30, 2015, 6:01 p.m.
  • Length: 21:12
Show
View Real Time Build Order
Export as new Build Order

SticklerMac Zerg - Winner!

Build Orders: Pool Only 

Get SALT Encoding   

  12  0:18  Spawning Pool  
  12  0:23  Drone  
  12  0:28  Drone  
  12  0:29  Extractor  
  12  0:33  Drone  
  12  0:42  Drone  
  12  0:49  Overlord  
  12  1:07  Queen  
  12  1:08  Drone  
  12  1:11  Zergling x2  
  12  18:34  Spine Crawler x2  
  12  18:35  Spine Crawler  
  12  18:37  Spine Crawler  
  12  18:44  Spine Crawler  
  12  18:45  Spine Crawler  
  12  18:47  Spine Crawler x2  
  12  18:48  Spine Crawler  
  12  18:49  Spine Crawler  
  12  18:50  Spine Crawler x2  
  12  19:00  Spine Crawler  
  12  19:03  Spine Crawler  
  12  19:05  Spine Crawler  
Tags
 
Add a new tag
Caveats
  • Supply blocks, unpowered buildings, or Contaminate may cause inaccurate times.
  • Supply counts are checked every 10 seconds.